 Dungeon Crawl Stone Soup version 0.24-a0-464-g6b2be6b8c7 (webtiles) character file.

Game seed: 2395312282941944314

53 Inarius the Chucker (level 3, -1/28 HPs)
             Began as a Demonspawn Hunter on July 3, 2019.
             Slain by a sky beast (6 damage)
             ... on level 4 of the Dungeon.
             The game lasted 00:01:46 (1073 turns).

Inarius the Chucker (Demonspawn Hunter)             Turns: 1073, Time: 00:01:46

Health: -1/28      AC:  7    Str: 18    XL:     3   Next: 62%
Magic:  3/3        EV: 11    Int: 12    God:
Gold:   53         SH:  0    Dex: 13    Spells: 2/2 levels left

rFire    . . .     SeeInvis .   a - +0 short sword
rCold    . . .     Gourm    .   (no shield)
rNeg     . . .     Faith    .   m - +0 ring mail
rPois    .         Spirit   .   (no helmet)
rElec    .         Reflect  .   g - +0 cloak
rCorr    .         Harm     .   l - +0 pair of gloves (curse)
MR       .....                  (no boots)
Stlth    +.........             (no amulet)
HPRegen  0.09/turn              (no ring)
MPRegen  0.08/turn              (no ring)

@: mighty
A: spiny 1
a: no special abilities


You were on level 4 of the Dungeon.
You were not hungry.

You visited 1 branch of the dungeon, and saw 3 of its levels.

You collected 53 gold pieces.

Inventory:

Hand Weapons
 a - a +0 short sword (weapon)
Missiles
 c - 5 javelins (quivered)
 d - 2 throwing nets
Armour
 g - a +0 cloak (worn)
 l - a cursed +0 pair of gloves (worn)
 m - a +0 ring mail (worn)
Scrolls
 e - 4 scrolls of identify
 i - a scroll of teleportation {unknown}
 k - a scroll of noise {unknown}
Comestibles
 b - 4 chunks of flesh
 f - 4 rations


   Skills:
 + Level 2.4 Fighting
 + Level 1.2 Short Blades
 - Level 4.0 Throwing
 + Level 1.1 Armour
 + Level 2.1 Dodging
 - Level 0.8 Stealth


You had 2 spell levels left.
You didn't know any spells.
Your spell library was empty.

Dungeon Overview and Level Annotations

Branches:
Dungeon (2/15)

Altars:


Innate Abilities, Weirdness & Mutations

You are partially covered in sharp spines.


Message History

Press: ? - help, Shift-Dir - straight line, f - sky beast
Aim: a sky beast You throw a javelin.
The javelin misses the sky beast.
Unknown command.
You hit the sky beast but do no damage.
You hear the slow hiss of a distant avalanche of sand.
The sky beast flickers out of sight!
Deactivating autopickup; reactivate with Ctrl-A.
Something hits you. Something shocks you.
You miss something. Something hits you. Something shocks you.
Something hits you but does no damage.
You barely miss something. Something hits you. Something shocks you.
* * * LOW HITPOINT WARNING * * *
It was a potion of might.
You feel very mighty all of a sudden. Something hits you but does no damage.
You puncture something! Something hits you.
* * * LOW HITPOINT WARNING * * *
Something shocks you.
You die...

*#.,,,,* *...*** ##.....*
##..,#.#*** ....,.#* ####
#..#...#*,** ....,.## #..##
#..#....,,,* .#..,..#
#...###......#*,,* #..##.##
*#..##.......,,,,** ##.#...#
##÷..#.......,.,,,*
##.÷.##*##.......#**,...,,,*
#.÷#..###..####.@##.....,******
...#.#.....##...........,,***,*
#..#.....####........##.,,,,,,***
#.....#...#*##..........,,,,,,,,*
#.....#....#*#.....##...**,*,,***
..##........###.(###**#.,,∩,,,*
.####...........## **,,,,*,*,,*
.#**#......#....#***,,,,,,,****
...........#....,,,,,,,,,,,*


There were no monsters in sight!

Vanquished Creatures
  3 adders
  An ooze (D:1)
  A worm (D:2)
  A dart slug (D:1)
  3 bats
  2 goblins (D:1)
  2 hobgoblins (D:1)
  A ball python (D:1)
  2 frilled lizards
  2 kobolds (D:1)
  4 rats
22 creatures vanquished.

Notes
Turn   | Place    | Note
-------+----------+-------------------------------------------
     0 | D:1      | Inarius the Demonspawn Hunter began the quest for the Orb.
     0 | D:1      | Reached XP level 1. HP: 16/16 MP: 1/1
   111 | D:1      | Reached skill level 4 in Throwing
   132 | D:1      | Gained mutation: You are partially covered in sharp spines.
                  | [demonic ancestry]
   132 | D:1      | Reached XP level 2. HP: 13/22 MP: 2/2
   733 | D:2      | Reached XP level 3. HP: 16/27 MP: 3/3
  1019 | D:2      | You fall into a shaft and drop 2 floors!
  1030 | D:4      | Noticed a sky beast
  1037 | D:4      | Reached skill level 1 in Short Blades
  1057 | D:4      | Reached skill level 1 in Armour
  1073 | D:4      | Slain by a sky beast

Levels and vault maps discovered:
D:1:      erik_arrival_triangle_huge, layout_rooms, minmay_misc_feat_tower
D:2:      layout_loops_ring, nicolae_overflow_crystal_walls,
          lemuel_coloured_pillars_altar, grunt_ministairs_4
D:4:      layout_cave_pools, kennysheep_mini, nicolae_ossuary_entry_plus,
          serial_shops, nicolae_shop_crystal, first_ration

Skill      XL: |  1  2  3 |
---------------+----------+-----
Throwing       | 4 |  4.0
Dodging        | 2 |  2.1
Short Blades   | 1 |  1.2
Armour         | 1 |  1.1
Fighting       | |  2.4
Stealth        | |  0.8

Action                   || total
-------------------------++-------
Melee: Short sword       ||    89
Throw: Javelin           ||     1
  Use: Scroll            ||     2
       Potion            ||     1
 Stab: Sleeping          ||     1
  Eat: Chunk             ||     1
Armor: Leather armour    ||    14
       Ring mail         ||    11
Dodge: Dodged            ||    42

Table legend:
 A = Non-vault XP
 B = Vault XP
 C = Vault XP percentage of total XP
 D = Non-vault monster count
 E = Vault monster count
 F = Vault count percentage of total count
                 A         B        C        D         E       F
            +---------+---------+-------+---------+---------+-------
      Total |      58 |      18 |  23.7 |      20 |       2 |   9.1
            +---------+---------+-------+---------+---------+-------
        D:1 |      27 |       0 |   0.0 |      14 |       0 |   0.0
        D:2 |       3 |      18 |  85.7 |       3 |       2 |  40.0
        D:4 |      28 |       0 |   0.0 |       3 |       0 |   0.0
            +---------+---------+-------+---------+---------+-------
